 Dungeon Crawl Stone Soup version 0.31-a0-1321-g5021b54cb2 (webtiles) character file.

Game seed: 13196887511384918159

433 dialectric the Insei (level 7, -8/46 HPs)
             Began as an Octopode Shapeshifter on Dec 20, 2023.
             Was a Believer of Fedhas.
             Splashed by a jelly's acid (9 damage)
             ... on level 4 of the Dungeon.
             The game lasted 00:02:44 (3343 turns).

dialectric the Insei (Octopode Shapeshifter)        Turns: 3343, Time: 00:02:44

Health: -8/46      AC: -11   Str: 13    XL:     7   Next: 0%
Magic:  7/7        EV: 14    Int: 13    God:    Fedhas [**....]
Gold:   214        SH:  0    Dex: 13    Spells: 6/6 levels left

rFire   . .          .
                       - Unarmed
rCold   . . .        (no shield)
rNeg    . . .        (helmet currently unavailable)
rPois   .            (no amulet)
rElec   .            (no ring)
rCorr   .            (no ring)
SInv    .            (no ring)
Will    .....        (no ring)
Stlth   ++           (no ring)
HPRegen 0.27/turn    (no ring)
MPRegen 0.10/turn    (no ring)
                     (no ring)

%: no passive effects
@: beast-form, corroded
A: beast (slay +2), almost no armour, amphibious, 8 rings, camouflage 1,
gelatinous body 1, (nimble swimmer 1), tentacles
a: Begin Untransformation, Renounce Religion, Wall of Briars


You were on level 4 of the Dungeon.
You worshipped Fedhas.
Fedhas was pleased with you.
You were a hulking beast.
You visited 1 branch of the dungeon, and saw 4 of its levels.

You collected 214 gold pieces.

Inventory:

Hand Weapons
 k - a +0 eveningstar
Missiles
 l - 5 poisoned darts (quivered)
Jewellery
 d - a ring of ice
Talismans
 b - a beast talisman
 c - a flux talisman
Scrolls
 e - 2 scrolls of teleportation
 f - 2 scrolls of enchant armour {unknown}
 g - a scroll of brand weapon {unknown}
 h - 6 scrolls of identify {unknown}
 i - a scroll of fog {unknown}
 j - a scroll of butterflies {unknown}
 m - 2 scrolls of poison {unknown}
 n - a scroll of enchant weapon {unknown}
 o - a scroll of silence {unknown}
Potions
 a - a potion of lignification


   Skills:
 + Level 3.4 Fighting
 + Level 3.9 Dodging
 + Level 4.5 Unarmed Combat
 + Level 4.3 Shapeshifting


You had 6 spell levels left.
You didn't know any spells.
Your spell library contained the following spells:

 Spells                   Type           Power      Damage    Failure   Level
 Cigotuvi's Dreadful Rot  Necr/Alch/Air  0%         N/A       43%         2
 Ignite Poison            Fire/Alch      0%         N/A       97%         4
 Freezing Cloud           Conj/Ice/Air   0%         6-21      100%        5


Dungeon Overview and Level Annotations

Branches:
Dungeon (4/15)
 Temple: D:4-7

Altars:
Fedhas
Kikubaaqudgha
Uskayaw

Shops:
D:3 =


Innate Abilities, Weirdness & Mutations

You are a hulking beast.
Your limbs bulge with bestial killing power. (Slay +2)
You cannot wear most types of armour.
You are amphibious.
You can wear up to eight rings at the same time.
Your skin changes colour to match your surroundings (Stealth+).
Your rubbery body absorbs attacks. (AC +1, EV +1)
((You are camouflaged when in or above water. (Stealth+)))
You have tentacles for arms and can constrict up to eight enemies at once.


Message History

The scorpion closely misses you.
You tentacle-slap the scorpion but do no damage.
You squeeze the scorpion, but do no damage.
The scorpion is severely wounded.
You constrict the scorpion.
You feel sick. The scorpion stings you.
You tentacle-slap the scorpion.
You kill the scorpion!
Fedhas appreciates your contribution to the ecosystem.
You feel sick.
You have reached level 7!
You start resting.
You feel sick. x6
You are no longer poisoned.
HP restored.
You see here 2 stones.
A jelly comes into view.
The jelly quivers.
A jelly is nearby!
A jelly is nearby!
A jelly is nearby!
The jelly hits you. The acid corrodes you!
You are splashed with acid!
A jelly is nearby!
You tentacle-slap the jelly but do no damage.
Your tentacles burn!
The jelly hits you. The acid corrodes you!
You are splashed with acid!
You are too injured to fight recklessly!
You tentacle-slap the jelly.
Your tentacles burn!
The jelly is lightly wounded.
The jelly hits you.
* * * LOW HITPOINT WARNING * * *
You are splashed with acid!
* * * LOW HITPOINT WARNING * * *
Unknown command.
You tentacle-slap the jelly. The acid corrodes you!
Your tentacles burn!
* * * LOW HITPOINT WARNING * * *
The jelly is moderately wounded.
The jelly hits you.
* * * LOW HITPOINT WARNING * * *
You are splashed with acid!
You die...
Fedhas appreciates your contribution to the ecosystem.

#...... #..#.#.
.###########......
#
.............รท.##.
..###
######..####..#
.... #.## #...#
#..#######.# #.#...
#!J......(# #.###.
#..h.....## #.# .
#........# #.#
#........# ..
#...($...#
#.........#
....#####.## #####
..# .##


You could see a jelly.

Vanquished Creatures
  Grinder (D:4)
  A scorpion (D:4)
  2 hounds (D:4)
  5 adders
  A worm (D:2)
  4 orcs
  5 ball pythons
  9 endoplasms
  4 giant cockroaches
  14 goblins
  11 hobgoblins
  2 quokkas
  8 bats
  3 frilled lizards
  2 kobolds
  5 rats
77 creatures vanquished.

Notes
Turn   | Place    | Note
-------+----------+-------------------------------------------
     0 | D:1      | dialectric the Octopode Shapeshifter began the quest for
                  | the Orb.
     0 | D:1      | Reached XP level 1. HP: 13/13 MP: 1/1
   233 | D:1      | Reached XP level 2. HP: 18/18 MP: 2/2
   807 | D:2      | Reached XP level 3. HP: 23/23 MP: 3/3
   999 | D:2      | Found an ancient bone altar of Kikubaaqudgha.
  1270 | D:2      | Reached XP level 4. HP: 29/29 MP: 4/4
  1438 | D:2      | Found a faded altar of an unknown god.
  1577 | D:2      | Prayed at the altar of an unknown god.
  1577 | D:2      | Became a worshipper of Fedhas Madash
  1577 | D:2      | Reached * piety under Fedhas
  2201 | D:3      | Found a hide-covered altar of Uskayaw.
  2262 | D:3      | Reached XP level 5. HP: 30/35 MP: 5/5
  2537 | D:3      | Reached ** piety under Fedhas
  2834 | D:3      | Found Yryosur's Jewellery Emporium.
  2944 | D:4      | Noticed Grinder
  2957 | D:4      | Paralysed by Grinder for 3 turns
  2974 | D:4      | Killed Grinder
  2975 | D:4      | Reached XP level 6. HP: 5/42 MP: 6/6
  3232 | D:4      | Reached XP level 7. HP: 25/46 MP: 7/7
  3343 | D:4      | HP: 1/46 [jelly (2)]
  3343 | D:4      | Splashed by a jelly's acid

Illustrated notes

Levels and vault maps discovered:
D:1:      dpeg_arrival_castle, layout_basic, serial_bayou_lagoon_a
D:2:      layout_basic, basic_altar, shapermc_ecumenical_altar_gd,
          guppyfry_early_orc_mine
D:3:      layout_loops_cross, lemuel_coloured_pillars_altar, serial_shops,
          nicolae_shop_pleasant_corner_grove, minmay_goblin_outpost
D:4:      layout_basic, mainiacjoe_overflow_alcove_2, st_stairs_13,
          nicolae_shop_i_like_big_books, cheibrodos_gnoll_hut,
          uniq_crazy_yiuf_cottage, uniq_grinder

Skill      XL: |  1  2  3  4  5 |
---------------+----------------+-----
Fighting       | 2 3 |  3.4
Dodging        | 3 |  3.9
Unarmed Combat | 4 |  4.5
Shapeshifting  | 4 |  4.3

Action                     |  1- 3 |  4- 6 |  7- 9 || total
---------------------------+-------+-------+-------++-------
  Melee: Unarmed           |    67 |    83 |     3 ||   153
         Constrict         |    18 |    18 |       ||    36
         Tentacles         |    13 |    13 |       ||    26
         Punch             |     1 |     3 |       ||     4
  Throw: Dart              |       |     1 |       ||     1
    Use: Scroll            |       |     1 |       ||     1
         Potion            |       |     1 |       ||     1
   Stab: Sleeping          |     8 |     3 |       ||    11
 Armour: Skin              |    30 |    46 |     4 ||    80
  Dodge: Dodged            |    30 |    36 |       ||    66

Table legend: (Time is in decaauts)
 A = Elapsed time spent in this place.
 B = Non-inter-level travel time spent in this place.
 C = Inter-level travel time spent in this place.
 D = Time resting spent in this place.
 E = Time spent auto-exploring this place.
 F = Levels seen in this place.
 G = Mean time per level.
                   A        B        C        D        E       F      G
               +--------+--------+--------+--------+--------+-----+--------+
         Total |   3344 |   3153 |    191 |    251 |   2452 |   4 |  836.0 |
       Dungeon |   3344 |   3153 |    191 |    251 |   2452 |   4 |  836.0 |
               +--------+--------+--------+--------+--------+-----+--------+

Top non-repeatable levels by time:
     D:2: 1185 daAuts
     D:3: 880 daAuts
     D:1: 799 daAuts
     D:4: 479 daAuts
